 Dungeon Crawl Stone Soup version 0.22.1-1-ga44c0e5 (webtiles) character file.

2277 JNO the Fighter (level 9, -1/86 HPs)
             Began as a Minotaur Fighter on Oct 26, 2018.
             Was a Believer of the Shining One.
             Slain by a red ugly thing (19 damage)
             ... on level 6 of the Dungeon on Oct 28, 2018.
             The game lasted 00:27:57 (6633 turns).

JNO the Fighter (Minotaur Fighter)                  Turns: 6633, Time: 00:28:00

Health: -1/86      AC: 13    Str: 24    XL:     9   Next: 16%
Magic:  8/8        EV:  4    Int:  5    God:    the Shining One [**....]
Gold:   189        SH: 10    Dex: 10    Spells: 8/8 levels left

rFire    . . .     SeeInvis .   v - +0 hand axe (flame)
rCold    . . .     Gourm    .   c - +0 shield
rNeg     + . .     Faith    .   K - +0 plate armour
rPois    .         Spirit   .   (helmet restricted)
rElec    .         Reflect  .   n - +0 cloak
rCorr    .         Harm     .   (no gloves)
MR       .....                  (no boots)
Stlth    ..........             (no amulet)
HPRegen  0.24/turn              (no ring)
MPRegen  0.11/turn              (no ring)

@: glowing
A: retaliatory headbutt, horns 2
a: Divine Shield, Renounce Religion


You were on level 6 of the Dungeon.
You worshipped the Shining One.
The Shining One was pleased with you.
You were not hungry.

You visited 1 branch of the dungeon, and saw 7 of its levels.

You collected 405 gold pieces.
You spent 216 gold pieces at shops.

Inventory:

Hand Weapons
 a - a +0 war axe
 d - a +3 quarterstaff of chaos
 j - a +0 hunting sling
 o - a +0 hunting sling
 v - a +0 hand axe of flaming (weapon)
 y - a +2 dagger of venom
 A - a +1 hand axe of venom
Missiles
 g - 151 stones (quivered)
 h - 100 sling bullets
Armour
 b - a +0 scale mail
 c - a +0 shield (worn)
 n - a +0 cloak (worn)
 K - a +0 plate armour (worn)
Wands
 D - a wand of paralysis (20)
 J - a wand of enslavement (20)
Scrolls
 e - 3 scrolls of amnesia
 i - 8 scrolls of teleportation {unknown}
 r - 3 scrolls of magic mapping
 t - 4 scrolls of remove curse
 u - 3 scrolls of immolation {unknown}
 B - 2 scrolls of enchant armour {unknown}
 C - 2 scrolls of enchant weapon
 H - 5 scrolls of identify
 I - 2 scrolls of silence
Potions
 k - 2 potions of lignification {unknown}
 l - 4 potions of curing {unknown}
 m - a potion of flight {unknown}
 p - 2 potions of degeneration {unknown}
 q - 2 potions of heal wounds {unknown}
 s - a potion of mutation {unknown}
 w - a potion of cancellation {unknown}
 z - a potion of berserk rage {unknown}
 E - 2 potions of agility {unknown}
 F - a potion of haste
 G - 2 potions of magic {unknown}
Comestibles
 f - 11 rations


   Skills:
 - Level 10.4 Fighting
 + Level 10.4 Axes
 + Level 4.5 Armour
 + Level 4.5 Shields


You had 8 spell levels left.
You didn't know any spells.
Your spell library was empty.

Dungeon Overview and Level Annotations

Branches:
Dungeon (7/15)
 Temple: D:4-7

Altars:
Dithmenos
Elyvilon
Fedhas
Gozag
Hepliaklqana
Makhleb
Okawaru
The Shining One

Shops:
D:6 ?


Innate Abilities, Weirdness & Mutations

You reflexively headbutt those who attack you in melee.
You have a pair of horns on your head.


Message History

The red ugly thing is lightly wounded.
The red ugly thing bites you but does no damage.
You slash the red ugly thing! You burn the red ugly thing.
You headbutt the red ugly thing!
The red ugly thing is heavily wounded.
The red ugly thing bites you but does no damage.
You hit the red ugly thing.
The red ugly thing is heavily wounded.
You block the red ugly thing's attack.
You barely miss the red ugly thing. You headbutt the red ugly thing!
The red ugly thing is severely wounded.
The red ugly thing bites you.
You are engulfed in flames!
* * * LOW HITPOINT WARNING * * *
As you read the scroll of fear, it crumbles to dust.
You assume a fearsome visage.
The red ugly thing resists with some effort.
The red ugly thing bites you.
* * * LOW HITPOINT WARNING * * *
You are engulfed in flames!!
You die...

#.#...................
#.#..........##.......
#.)..........##.######
##.#....)...###.######
#.##>.....##........#
#.#####..###........#
#..# ##(# #........#
####.#####.###.#..#####
##.....@.##.#.....##
##.....u...........#
#..................#
#..................#
#..................#
##.................#
##...#.........>..#
##################


You could see a red ugly thing.

Vanquished Creatures
  2 orc warriors (D:6)
  2 sky beasts
  3 ogres
  A centaur (D:5)
  A gnoll sergeant (D:7)
  3 bullfrogs
  A scorpion (D:5)
  A howler monkey (D:5)
  3 crimson imps
  2 bullfrog zombies
  A centaur zombie (D:7)
  Crazy Yiuf (D:4)
  A bullfrog skeleton (D:4)
  6 orc priests
  A hound (D:5)
  6 orc wizards
  Jessica (D:3)
  Terence (D:3)
  Natasha (thrice) (D:3)
  4 worker ants
  Robin (D:3)
  10 adders
  12 gnolls
  A shadow imp (D:6)
  2 oozes (D:4)
  3 dart slugs
  5 leopard geckos
  32 orcs
  8 bats
  5 giant cockroaches
  15 goblins
  9 hobgoblins
  4 jackals
  2 quokkas
  2 ball pythons
  A ball python zombie (D:5)
  4 frilled lizards
  A jackal skeleton (D:5)
  5 kobolds (D:2)
  A leopard gecko skeleton (D:6)
  5 rats
172 creatures vanquished.

Notes
Turn   | Place    | Note
-------+----------+-------------------------------------------
     0 | D:1      | JNO the Minotaur Fighter began the quest for the Orb.
     0 | D:1      | Reached XP level 1. HP: 19/19 MP: 0/0
   265 | D:1      | Reached XP level 2. HP: 27/27 MP: 1/1
   859 | D:2      | Reached XP level 3. HP: 34/34 MP: 2/2
   890 | D:2      | Found a white marble altar of Elyvilon.
   972 | D:2      | Found a burning altar of Makhleb.
  1217 | D:2      | Reached XP level 4. HP: 40/41 MP: 3/3
  1228 | D:2      | Reached skill level 5 in Fighting
  1428 | D:2      | Found an iron altar of Okawaru.
  1502 | D:2      | You fall through a shaft!
  1510 | D:3      | Noticed Terence
  1513 | D:3      | Killed Terence
  1577 | D:3      | Noticed Robin
  1655 | D:3      | Reached XP level 5. HP: 47/48 MP: 4/4
  1662 | D:3      | Killed Robin
  1846 | D:3      | Noticed Natasha
  1855 | D:3      | Killed Natasha
  1855 | D:3      | Reached skill level 5 in Axes
  1876 | D:3      | Noticed Jessica
  1880 | D:3      | Killed Jessica
  1901 | D:3      | Found a glowing golden altar of the Shining One.
  1904 | D:3      | Became a worshipper of the Shining One
  2159 | D:3      | Found a hazy altar of Hepliaklqana.
  2300 | D:3      | Noticed Natasha
  2306 | D:3      | Killed Natasha
  2345 | D:3      | Noticed Natasha
  2351 | D:3      | Killed Natasha
  2576 | D:4      | Reached XP level 6. HP: 57/57 MP: 5/5
  3117 | D:4      | Found a runed door.
  3121 | D:4      | Noticed Crazy Yiuf
  3123 | D:4      | Killed Crazy Yiuf
  3279 | D:4      | Reached XP level 7. HP: 66/66 MP: 6/6
  3854 | D:5      | Entered Level 5 of the Dungeon
  3897 | D:5      | Reached * piety under the Shining One
  4311 | D:5      | Found a shadowy altar of Dithmenos.
  4335 | D:5      | Reached XP level 8. HP: 68/75 MP: 7/7
  4386 | D:5      | Found an opulent altar of Gozag.
  4470 | D:5      | Found a blossoming altar of Fedhas.
  5514 | D:6      | Reached skill level 10 in Fighting
  5518 | D:6      | Reached ** piety under the Shining One
  5550 | D:6      | Reached skill level 10 in Axes
  5775 | D:6      | Found Lomaj's Magic Scroll Shop.
  5825 | D:6      | Bought a scroll of enchant weapon for 90 gold pieces
  5825 | D:6      | Bought a scroll of silence for 90 gold pieces
  5825 | D:6      | Bought a scroll of remove curse for 36 gold pieces
  5886 | D:6      | Reached XP level 9. HP: 60/86 MP: 8/8
  6594 | D:7      | Noticed a red ugly thing
  6633 | D:6      | Slain by a red ugly thing

Skill      XL: |  1  2  3  4  5  6  7  8  9 |
---------------+----------------------------+-----
Fighting       | 4 5 6 7 8 10 | 10.4
Axes           | 3 4 5 6 8 10 | 10.4
Armour         | 4 |  4.5
Shields        | 4 |  4.5

Action                   |  1- 3 |  4- 6 |  7- 9 || total
-------------------------+-------+-------+-------++-------
Melee: War axe           |    97 |    52 |       ||   149
       Headbutt          |    10 |    20 |    50 ||    80
       Hand axe          |       |    74 |   231 ||   305
  Use: Potion            |       |     3 |     2 ||     5
       Scroll            |       |     3 |     3 ||     6
  Eat: Chunk             |     1 |     3 |     7 ||    11
       Ration            |       |     1 |     2 ||     3
Armor: Scale mail        |    32 |    29 |    36 ||    97
       Plate armour      |       |       |    19 ||    19
Dodge: Dodged            |    27 |    32 |    35 ||    94
Block: Shield            |    60 |    42 |    82 ||   184
